 Dungeon Crawl Stone Soup version 0.30-a0-568-g124715a40b (webtiles) character file.

Game seed: 9392731495836501334

2219 Twinkles the Ruffian (level 9, 0/130 HPs)
             Began as a Troll Fighter on Dec 28, 2022.
             Was an Initiate of the Shining One.
             Slain by a steam dragon (4 damage)
             ... on level 6 of the Dungeon.
             The game lasted 00:19:49 (5077 turns).

Twinkles the Ruffian (Troll Fighter)                Turns: 5077, Time: 00:19:50

Health: 0/130      AC:  4    Str: 30    XL:     9   Next: 13%
Magic:  8/8        EV:  9    Int:  4    God:    the Shining One [......]
Gold:   444        SH:  8    Dex:  9    Spells: 8/8 levels left

rFire   . . .      SeeInvis +      - Unarmed
rCold   . . .      Faith    .    b - +0 kite shield
rNeg    . . .      Spirit   .    a - +0 robe
rPois   .          Reflect  .    (helmet restricted)
rElec   .          Harm     .    y - scarf {shadows}
rCorr   .          Rampage  .    (gloves unavailable)
Will    +....                    (boots unavailable) Stlth
                                 e - amulet of the acrobat
HPRegen 1.21/turn                j - ring of see invisible
MPRegen 0.11/turn                s - ring of Birdsong {Fly Will+}

@: berserking, flying, glowing, very quick
A: large, unfitting armour, claws 3, regeneration 1, shaggy fur 1, tough skin 1
a: Renounce Religion


You were on level 6 of the Dungeon.
You worshipped the Shining One.
The Shining One was noncommittal.
You visited 2 branches of the dungeon, and saw 8 of its levels.

You collected 530 gold pieces.
You spent 86 gold pieces at shops.

Inventory:

Missiles
 h - 16 poisoned darts (quivered)
 l - 6 large rocks
 o - 4 throwing nets
 u - a curare-tipped dart
 w - 2 javelins
Armour
 a - a +0 robe (worn)
 b - a +0 kite shield (worn)
 y - a scarf of shadows (worn)
Jewellery
 e - an amulet of the acrobat (around neck)
 f - a +6 ring of intelligence
 j - a ring of see invisible (left claw)
 s - the ring of Birdsong (right claw) {Fly Will+}
   (You found it on level 4 of the Dungeon)

   [ring of willpower]

   Fly:       It grants you flight.
   Will:      It increases your willpower.
Wands
 q - a wand of flame (21)
Scrolls
 d - a scroll of amnesia {unknown}
 p - a scroll of enchant armour {unknown}
 r - a scroll of silence {unknown}
 t - a scroll of enchant weapon {unknown}
 x - a scroll of summoning {unknown}
 E - 2 scrolls of fear
 K - 3 scrolls of immolation
 X - a scroll of magic mapping
 Y - a scroll of teleportation
 Z - a scroll of identify
Potions
 c - 3 potions of flight {unknown}
 g - a potion of mutation {unknown}
 i - a potion of resistance {unknown}
 k - 2 potions of invisibility {unknown}
 m - a potion of curing {unknown}
 n - 3 potions of heal wounds {unknown}
 v - a potion of haste {unknown}
 z - a potion of attraction {unknown}
 M - 2 potions of might
 T - 2 potions of berserk rage


   Skills:
 + Level 4.8 Fighting
 + Level 4.1 Throwing
 + Level 4.8 Dodging
 + Level 5.2 Shields
 * Level 7.3 Unarmed Combat


You had 8 spell levels left.
You didn't know any spells.
Your spell library contained the following spells:

 Spells                   Type           Power      Damage    Failure   Level
 Static Discharge         Conj/Air       0%         2-2/arc   88%         2
 Vhi's Electric Charge    Tloc/Air       0%         N/A       98%         3
 Arcjolt                  Conj/Air       0%         1d10      100%        5
 Lightning Bolt           Conj/Air       0%         1d11      100%        5
 Maxwell's Capacitive Co  Air            0%         ∞         100%        8


Dungeon Overview and Level Annotations

Branches:
Dungeon (7/15) Zot: 26908  Temple (1/1) D:6 Zot: 5960

Altars:
Ashenzari
Cheibriados
Dithmenos
Elyvilon
Fedhas
Gozag
Hepliaklqana
Kikubaaqudgha
Makhleb
Nemelex Xobeh
Okawaru
Qazlal
Ru
Trog
Uskayaw
Vehumet
Wu Jian
Xom
Zin
The Shining One
Lugonu

Shops:
D:2 *


Innate Abilities, Weirdness & Mutations

You are too large for most types of armour.
You have claws for hands.
Your natural rate of healing is unusually fast.
You are covered in fur. (AC +1)
You have tough skin. (AC +1)


Message History

The ball of steam misses you.
You barely miss the steam dragon. The steam dragon bites you!
The steam dragon claws you.
You scratch the steam dragon.
The steam dragon is lightly wounded.
The steam dragon breathes steam at you. The ball of steam hits you!
You are engulfed in a cloud of scalding steam.
You scratch the steam dragon.
The steam dragon is moderately wounded.
You are engulfed in a cloud of scalding steam.
The steam dragon breathes steam at you. The ball of steam hits you!!
* * * LOW HITPOINT WARNING * * *
The steam dragon misses you. You block the steam dragon's attack.
There is a stone staircase leading up here.
The steam dragon bites you but does no damage.
The steam dragon claws you but does no damage.
You fly upwards.
There is a stone staircase leading down here.
You closely miss the steam dragon. The steam dragon breathes steam at you.
The ball of steam hits you!!
* * * LOW HITPOINT WARNING * * *
A red film seems to cover your vision as you go berserk!
You feel yourself moving faster!
You feel mighty!
You are engulfed in a cloud of scalding steam.
* * * LOW HITPOINT WARNING * * *
The steam dragon bites you.
* * * LOW HITPOINT WARNING * * *
The steam dragon claws you.
* * * LOW HITPOINT WARNING * * *
You completely miss the steam dragon. The steam dragon closely misses you.
The steam dragon barely misses you.
You claw the steam dragon!
The steam dragon is severely wounded.
You closely miss the steam dragon.
The steam dragon is severely wounded.
The steam dragon closely misses you. The steam dragon claws you.
You die...

..#8........8#...#.####..###
..............#..#.##_...._#
..#..........##....####..###
.######.....##......#_.....#
##8.####.....##.....###..###
#....##....##..#....##...._#
...........##.#.....###..###
...........##...D...#....._#
...........##..#@§..##8..8##
......#....#.##.§........##
.....###...##.##.#########
.....# ###.....##.## ...###
#......#..## 8#####
#.......[#.#
####.#####.......##.#
#.#.....#.......8##.#
.......#.#......##.##


You could see a steam dragon.

Vanquished Creatures
  Grinder (D:6)
  Menkaure (D:6)
  A water moccasin (D:5)
  3 black bears
  An ogre (D:6)
  3 phantoms
  2 kobold brigands (D:4)
  A bullfrog (D:6)
  2 necrophages
  A gnoll bouda (D:4)
  6 hounds
  A jelly (D:5)
  Jessica (D:3)
  6 iguanas
  3 orc wizards
  Robin (D:3)
  6 adders
  21 gnolls
  A white imp (D:5)
  An ufetubus (D:6)
  2 worms
  2 dart slugs (D:2)
  6 orcs
  3 endoplasms
  2 giant cockroaches
  14 hobgoblins
  5 jackals
  3 quokkas
  6 ball pythons
  14 bats
  5 frilled lizards
  12 goblins
  32 kobolds
  4 rats
173 creatures vanquished.

Notes
Turn   | Place    | Note
-------+----------+-------------------------------------------
     0 | D:1      | Twinkles the Troll Fighter began the quest for the Orb.
     0 | D:1      | Reached XP level 1. HP: 22/22 MP: 0/0
   297 | D:1      | Reached XP level 2. HP: 29/29 MP: 1/1
   715 | D:2      | Reached XP level 3. HP: 36/36 MP: 2/2
   727 | D:2      | Found Tusoohoq's General Store.
   738 | D:2      | Bought 6 large rocks for 50 gold pieces
   738 | D:2      | Bought a scroll of teleportation for 36 gold pieces
   818 | D:2      | Found a faded altar of an unknown god.
  1406 | D:3      | Found a shimmering altar of Xom.
  1468 | D:3      | Reached skill level 3 in Unarmed Combat
  1468 | D:3      | Reached XP level 4. HP: 34/44 MP: 3/3
  1623 | D:3      | Reached skill level 1 in Throwing
  1637 | D:3      | Noticed Robin
  1639 | D:3      | Killed Robin
  1640 | D:3      | Reached XP level 5. HP: 53/53 MP: 4/4
  1848 | D:3      | Noticed Jessica
  1849 | D:3      | Killed Jessica
  2013 | D:4      | Found a stormy altar of Qazlal.
  2015 | D:4      | Found a snail-covered altar of Cheibriados.
  2016 | D:4      | Found a sparkling altar of Nemelex Xobeh.
  2105 | D:4      | Noticed a black bear
  2107 | D:4      | Noticed a phantom
  2195 | D:4      | Found a blossoming altar of Fedhas.
  2279 | D:4      | Reached skill level 4 in Unarmed Combat
  2279 | D:4      | Reached XP level 6. HP: 41/61 MP: 5/5
  2910 | D:4      | Reached XP level 7. HP: 67/67 MP: 6/6
  2934 | D:4      | Identified the ring of Birdsong {Fly Will+}
  3039 | D:4      | HP: 20/67 [hobgoblin/+0 short sword (4)]
  3044 | D:4      | HP: 18/67 [kobold (1)]
  3144 | D:4      | Reached skill level 5 in Unarmed Combat
  3394 | D:5      | Entered Level 5 of the Dungeon
  3488 | D:5      | Found a shadowy altar of Dithmenos.
  3500 | D:5      | Reached XP level 8. HP: 29/78 MP: 7/7
  3501 | D:5      | HP: 23/78 [poisoned by a water moccasin]
  3506 | D:5      | HP: 18/78 [poisoned by a water moccasin]
  3668 | D:5      | Reached skill level 6 in Unarmed Combat
  4127 | D:6      | Found a burning altar of Makhleb.
  4306 | D:6      | Reached skill level 5 in Shields
  4338 | D:6      | Found a staircase to the Ecumenical Temple.
  4352 | Temple   | Entered the Ecumenical Temple
  4398 | D:6      | Found an opulent altar of Gozag.
  4470 | D:6      | Reached skill level 7 in Unarmed Combat
  4511 | D:6      | Noticed Menkaure
  4515 | D:6      | Killed Menkaure
  4588 | D:6      | Noticed Grinder
  4597 | D:6      | Killed Grinder
  4598 | D:6      | Reached XP level 9. HP: 79/85 MP: 8/8
  4876 | D:6      | Found an ornate altar of the Wu Jian Council.
  4876 | D:6      | Found a radiant altar of Vehumet.
  4883 | D:6      | Found a glowing golden altar of the Shining One.
  4883 | D:6      | Found a white marble altar of Elyvilon.
  4884 | D:6      | Found an ancient bone altar of Kikubaaqudgha.
  4886 | D:6      | Became a worshipper of the Shining One
  4888 | D:6      | Found a broken altar of Ashenzari.
  5069 | D:7      | HP: 26/87 [steam dragon/ball of steam (18)]
  5073 | D:6      | HP: 8/87 [steam dragon/ball of steam (23)]
  5074 | D:6      | HP: 2/130 [steam dragon (4)]
  5077 | D:6      | Slain by a steam dragon

Illustrated notes

Levels and vault maps discovered:
D:1:      lordsloth_arrival_two_stooges, layout_loops_ring
D:2:      layout_basic, serial_shops, nicolae_shop_waterfront,
          ebering_ecumenical_altar_sacrificial, minmay_bisected
D:3:      layout_basic, mainiacjoe_overflow_six_doors_small,
          minmay_misc_feat_ornament, uniq_jessica, uniq_robin
D:4:      minmay_goblin_kobold_castle, layout_basic, fedhas_altar_1,
          grunt_temple_overflow_open, grunt_ministairs_2
D:5:      layout_rooms, nicolae_dithmenos_through_a_glass_darkly,
          serial_bayou_pond_a
D:6:      hellmonk_crumbling_castle, layout_basic, minitemple,
          grunt_gozag_breadcrumbs, old_standard_altar,
          minmay_temple_entry_drinking_statues, hangedman_decor_push,
          uniq_grinder, uniq_menkaure
D:7:      minmay_blocky_corners, layout_basic
Temple:   corrupted_temple

Skill      XL: |  1  2  3  4  5  6  7  8 |
---------------+-------------------------+-----
Shields        | 3 4 5 |  5.2
Unarmed Combat | 3 4 5 7 |  7.3
Fighting       | 3 4 |  4.8
Throwing       | 1 2 3 4 |  4.1
Dodging        | 3 4 |  4.8

Action                   |  1- 3 |  4- 6 |  7- 9 || total
-------------------------+-------+-------+-------++-------
Melee: Unarmed           |   104 |   220 |   207 ||   531
Throw: Dart              |       |       |     2 ||     2
  Use: Scroll            |       |     2 |     3 ||     5
       Potion            |       |       |     1 ||     1
 Stab: Sleeping          |     1 |       |       ||     1
Armor: Robe              |    48 |    53 |    50 ||   151
Dodge: Dodged            |    51 |    78 |    99 ||   228
Block: Kite shield       |    39 |    90 |    65 ||   194

Table legend: (Time is in decaauts)
 A = Elapsed time spent in this place.
 B = Non-inter-level travel time spent in this place.
 C = Inter-level travel time spent in this place.
 D = Time resting spent in this place.
 E = Time spent auto-exploring this place.
 F = Levels seen in this place.
 G = Mean time per level.
                   A        B        C        D        E       F      G
               +--------+--------+--------+--------+--------+-----+--------+
         Total |   5102 |   4741 |    361 |     54 |   3414 |   8 |  637.8 |
       Dungeon |   5063 |   4713 |    350 |     54 |   3394 |   7 |  723.3 |
        Temple |     39 |     28 |     11 |      0 |     20 |   1 |   39.0 |
               +--------+--------+--------+--------+--------+-----+--------+

Top non-repeatable levels by time:
     D:4: 1444 daAuts
     D:6: 928 daAuts
     D:1: 691 daAuts
     D:5: 675 daAuts
     D:2: 658 daAuts
     D:3: 624 daAuts
     D:7: 40 daAuts
  Temple: 39 daAuts
